 Dungeon Crawl Stone Soup version 0.28-a0-850-g09de17f5b5 (webtiles) character file.

Game seed: 4698937445861390529

49 BinkBink the Chopper (level 3, 0/33 HPs)
             Began as a Hill Orc Monk on Nov 14, 2021.
             Slain by an adder (3 damage)
             ... on level 2 of the Dungeon.
             The game lasted 00:02:46 (1690 turns).

BinkBink the Chopper (Hill Orc Monk)                Turns: 1690, Time: 00:02:46

Health: 0/33       AC:  3    Str: 14    XL:     3   Next: 75%
Magic:  3/3        EV: 12    Int: 10    God:
Gold:   58         SH:  0    Dex: 13    Spells: 2/2 levels left

rFire   . . .      SeeInvis .   a - +1 hand axe
rCold   . . .      Faith    .   (no shield)
rNeg    . . .      Spirit   .   b - +0 robe
rPois   .          Reflect  .   (no helmet)
rElec   .          Harm     .   h - +0 cloak
rCorr   .          Rampage  .   (no gloves)
Will    .....                   (no boots)
Stlth   ++........              (no amulet)
HPRegen 0.11/turn               (no ring)
MPRegen 0.08/turn               (no ring)

@: lethally poisoned (0 -> -3), weak-willed
A: no striking features
a: no special abilities


You were on level 2 of the Dungeon.
You visited 1 branch of the dungeon, and saw 2 of its levels.

You collected 58 gold pieces.

Inventory:

Hand Weapons
 a - a +1 hand axe (weapon)
Armour
 b - a +0 robe (worn)
 h - a +0 cloak (worn)
Jewellery
 c - an amulet of magic regeneration
 i - a ring of poison resistance
Scrolls
 e - a scroll of identify {unknown}


   Skills:
 + Level 4.2 Fighting
 + Level 5.0 Axes
 * Level 1.5 Armour
 - Level 2.4 Dodging
 - Level 1.5 Stealth


You had 2 spell levels left.
You didn't know any spells.
Your spell library contained the following spells:

 Spells                   Type           Power      Damage    Failure   Level
 Sublimation of Blood     Necr           0%         N/A       50%         2
 Petrify                  Tmut/Erth      0%         N/A       98%         4
 Irradiate                Conj/Tmut      0%         3d13      100%        5


Dungeon Overview and Level Annotations

Branches:
Dungeon (2/15)

Altars:


Message History

You are no longer poisoned.
The adder misses you. The adder bites you.
You miss the adder.
The adder is lightly wounded.
The adder barely misses you.
You hit the adder.
The adder is heavily wounded.
The adder bites you.
You closely miss the adder.
The adder is heavily wounded.
The adder bites you. x2
You hit the adder but do no damage.
The adder is heavily wounded.
The adder closely misses you.
You hit the adder.
The adder is heavily wounded.
The adder completely misses you.
You hit the adder.
The adder is severely wounded.
The adder bites you.
* * * LOW HITPOINT WARNING * * *
You are lethally poisoned!
The adder poisons you! The adder closely misses you.
You aren't carrying any potions.
As you read the scroll labelled MIR LUUN PUOTI, it crumbles to dust.
You feel aware of your surroundings.
You sensed 1 altar.
It was a scroll of magic mapping.
* * * LOW HITPOINT WARNING * * *
You feel sick. The adder bites you but does no damage.
You aren't carrying any potions.
As you read the scroll labelled QIDGHO CALA, it crumbles to dust.
It is a scroll of enchant weapon.
Your +0 hand axe glows red for a moment.
* * * LOW HITPOINT WARNING * * *
You feel sick. The adder completely misses you.
As you read the scroll labelled NUOSKE ROIL, it crumbles to dust.
Magic quickly surges around you.
It was a scroll of vulnerability.
* * * LOW HITPOINT WARNING * * *
You feel sick. The adder closely misses you. The adder bites you.
You die...

,,,*,,,*,,,,,,,,,,** **,,,,,,**
,,,,+,,,,,,*,,,,,..# *,,,,,**
,,,*,,,*****,,,,,..*****,***,,*
*,,,,,,* *,,,,,..,,,,*,* **,*
,,,,,,,* ******.##**,,,* *,*
,,*,*,** ##..,,,,,** *,*
,,*,,,,* #..****,,* *,*
,,,,,,,* #S#* **<* *,*
,,,***,** #@# *,* *,* ,*** *,,*
#.#####*,* *,* ,* **,**
#.....#*,* *,** ,* *..*
#####.....#*,* *,,* ,*
*#.#*#.........#*,******,** ,*
#..##.........#*,,,,,**,,* ,**
##..#.........#*****,,**,* ,,*
#........†...## **,,,,, *,*
#............# ****,,


You could see an adder (weak-willed).

Vanquished Creatures
  5 dart slugs (D:1)
  2 ball pythons (D:1)
  6 endoplasms (D:1)
  4 goblins (D:1)
  3 hobgoblins (D:1)
  2 jackals (D:1)
  5 bats (D:1)
  2 frilled lizards (D:1)
  3 kobolds (D:1)
  2 rats (D:2)
34 creatures vanquished.

Notes
Turn   | Place    | Note
-------+----------+-------------------------------------------
     0 | D:1      | BinkBink the Hill Orc Monk began the quest for the Orb.
     0 | D:1      | Reached XP level 1. HP: 19/19 MP: 1/1
   282 | D:1      | Reached XP level 2. HP: 10/27 MP: 2/2
   671 | D:1      | Reached skill level 1 in Armour
   761 | D:1      | Reached XP level 3. HP: 16/33 MP: 3/3
  1399 | D:1      | Reached skill level 5 in Axes
  1690 | D:2      | Slain by an adder

Illustrated notes

Levels and vault maps discovered:
D:1:      minmay_arrival_doors, layout_rooms
D:2:      layout_rooms, hellmonk_ecumenical_altar_blasted, serial_glass,
          glass_columns_a, glass_columns_a, serial_bayou_pond_e, chequers_garden

Skill      XL: |  1  2  3 |
---------------+----------+-----
Fighting       | 4 |  4.2
Armour         | 1 |  1.5
Axes           | 5 |  5.0
Dodging        | |  2.4
Stealth        | |  1.5

Action                   || total
-------------------------++-------
Melee: Hand axe          ||   152
  Use: Scroll            ||     3
 Stab: Sleeping          ||     2
Armor: Robe              ||    44
Dodge: Dodged            ||   117

Table legend: (Time is in decaauts)
 A = Elapsed time spent in this place.
 B = Non-inter-level travel time spent in this place.
 C = Inter-level travel time spent in this place.
 D = Time resting spent in this place.
 E = Time spent auto-exploring this place.
 F = Levels seen in this place.
 G = Mean time per level.
                   A        B        C        D        E       F      G
               +--------+--------+--------+--------+--------+-----+--------+
         Total |   1700 |   1672 |     28 |      0 |   1352 |   2 |  850.0 |
       Dungeon |   1700 |   1672 |     28 |      0 |   1352 |   2 |  850.0 |
               +--------+--------+--------+--------+--------+-----+--------+

Top non-repeatable levels by time:
     D:1: 1655 daAuts
     D:2: 44 daAuts
